 Dungeon Crawl Stone Soup version 0.26-b1-32-g5d43845318 (webtiles) character file.

Game seed: 11689285205818066263

43625 teolandon225 the Severer (level 13, -2/122 HPs)
             Began as a Minotaur Berserker on Jan 4, 2021.
             Was a High Priest of Trog.
             Slain by a death yak (21 damage)
             ... on level 5 of the Lair of Beasts.
             The game lasted 00:33:33 (17563 turns).

teolandon225 the Severer (Minotaur Berserker)      Turns: 17563, Time: 00:33:33

Health: -2/122     AC: 17    Str: 32    XL:     13   Next: 91%
Magic:  12/12      EV: 17    Int:  3    God:    Trog [*****.]
Gold:   1944       SH:  0    Dex: 17    Spells: 12/12 levels left

rFire    . . .     SeeInvis .   J - +2 executioner's axe (flame)
rCold    . . .     Faith    .   (shield currently unavailable)
rNeg     + . .     Spirit   .   l - +1 chain mail
rPois    +         Reflect  .   (helmet restricted)
rElec    .         Harm     .   z - +2 ratskin cloak {*Rats rPois rN+ Str-1 Int-1 Dex+1}
rCorr    .         Rampage  .   (no gloves)
Will     .....                  (no boots)
Stlth    ..........             (no amulet)
HPRegen  0.30/turn              n - +6 ring of dexterity
MPRegen  0.13/turn              I - +6 ring of strength

@: about to teleport, berserk cooldown, slowed, studying Short Blades, very slow
A: retaliatory headbutt, horns 2
a: Renounce Religion, Berserk, Trog's Hand, Brothers in Arms


You were on level 5 of the Lair of Beasts.
You worshipped Trog.
Trog was extremely pleased with you.
You visited 2 branches of the dungeon, and saw 17 of its levels.
You also visited: Volcano.

You collected 2147 gold pieces.
You spent 203 gold pieces at shops.

Inventory:

Hand Weapons
 a - a +1 hand axe
 A - a +4 war axe
 J - a +2 executioner's axe of flaming (weapon)
 L - a +5 vorpal broad axe
Armour
 d - a +0 buckler
 l - a +1 chain mail (worn)
 z - the +2 ratskin cloak (worn) {*Rats rPois rN+ Str-1 Int-1 Dex+1}
   (You found it on level 6 of the Dungeon)

   It affects your strength (-1).
   It affects your intelligence (-1).
   It affects your dexterity (+1).
   It protects you from poison.
   It protects you from negative energy.
 K - +0 fire dragon scales
 N - a +1 kite shield of fire resistance
Jewellery
 n - a +6 ring of dexterity (left hand)
 q - an uncursed ring of resist corrosion
 u - an uncursed ring of positive energy
 C - an uncursed ring of protection from cold
 I - a +6 ring of strength (right hand)
Wands
 c - a wand of iceblast (8)
 j - a wand of digging (3)
 v - a wand of polymorph (14)
 B - a wand of paralysis (10)
 E - a wand of acid (28)
 F - a wand of random effects (40)
Scrolls
 g - 6 scrolls of remove curse
 o - 5 scrolls of enchant weapon
 s - a scroll of summoning {unknown}
 x - 2 scrolls of magic mapping
 y - 4 scrolls of enchant armour
 G - 2 scrolls of vulnerability {unknown}
 H - a scroll of teleportation
 O - a scroll of fear {unknown}
Potions
 b - 4 potions of haste
 e - 2 potions of cancellation
 f - a potion of invisibility
 h - 2 potions of curing
 i - 2 potions of resistance
 k - 2 potions of heal wounds
 m - 5 potions of might
 p - 5 potions of ambrosia
 r - 2 potions of mutation
 t - 4 potions of lignification
 w - a potion of degeneration
 M - a potion of berserk rage {unknown}
 P - a potion of magic {unknown}
Books
 D - a manual of Short Blades


   Skills:
 + Level 13.1 Fighting
 * Level 17.4 Axes
 + Level 12.9 Armour
 + Level 11.9 Dodging
 - Level 4.0 Shields


You had 12 spell levels left.
You didn't know any spells.
Your spell library was empty.

Dungeon Overview and Level Annotations

Branches:
Dungeon (12/15)            Temple (0/1) D:4            Lair (5/6) D:11
  Swamp (0/4) Lair:4       Spider (0/4) Lair:4          Orc (0/2) D:9
Volcano (visited)
  Slime: Lair:5-6

Altars:
Gozag
Nemelex Xobeh
Sif Muna
Vehumet
Zin
The Shining One

Shops:
D:8 *

Annotations:
D:3 Blork the orc
Lair:4 exclusion: oklob plant


Innate Abilities, Weirdness & Mutations

You reflexively headbutt those who attack you in melee.
You have a pair of horns on your head.


Message History

Trog accepts your kill.
You barely miss the death yak.
You feel sick. The death yak gores you!
* * * LOW HITPOINT WARNING * * *
You slash the death yak! You burn the death yak. You headbutt the death yak!
The death yak is moderately wounded.
You feel sick.
You barely miss the death yak.
The death yak is moderately wounded.
You feel sick. The death yak gores you!
* * * LOW HITPOINT WARNING * * *
You are too berserk!
You are no longer berserk.
You are exhausted.
You feel yourself slow down.
You feel sick.
You feel better. The death yak barely misses you.
Okay, then.
As you read the scroll of teleportation, it crumbles to dust.
You feel strangely unstable. The death yak barely misses you.
You furiously retaliate!
You headbutt the death yak! The death yak gores you!!
You die...

.#.......#...........#
....................#
...............#.##.#
.......P.#.#.####...##
........###.##
##...###
.........####.#
#......# .........#
#..##......#.
...###.#.#
#...†.##.....# .###
#...# #...@Y##..##..
.## ###.# ##........#
. .P# ##)##
#$.........# ..#
##[..# ##.####...#..
..####...## #. ......
.###......## .. ......
...........#.. .....
##..†.......... .....
#.....#..#..#. ....


You could see a death yak.

Vanquished Creatures
  Snorg (Lair:3)
  A fire dragon (Volcano)
  Fannar (D:11)
  13 death yaks (Lair:5)
  A two-headed ogre (D:9)
  An unseen horror (D:11)
  An orb spider (Lair:4)
  An ugly thing (D:11)
  2 cyclopes
  Maurice (D:8)
  A gargoyle (D:12)
  7 cane toads
  2 molten gargoyles (Volcano)
  12 rime drakes (Lair:3)
  8 komodo dragons
  2 trolls (D:10)
  A polar bear (Lair:5)
  A meliai zombie (D:12)
  4 dream sheep (Lair:5)
  16 blink frogs (Lair:4)
  A vampire (D:8)
  17 yaks
  7 fire bats (Volcano)
  2 basilisks
  3 wyverns
  6 steam dragons (Lair:3)
  11 water moccasins
  An acid dragon (Lair:3)
  Duvessa (D:4)
  3 orc warriors
  6 black bears
  2 sky beasts
  An eye of draining (D:11)
  2 ice beasts
  A hornet zombie (D:7)
  3 ogres
  20 wolves
  4 centaurs
  A big kobold (D:10)
  16 bullfrogs
  3 scorpions
  A water moccasin zombie (D:8)
  2 wyvern skeletons
  Dowan (D:4)
  24 killer bees
  8 howler monkeys
  10 wights
  2 electric eels (D:8)
  8 lava snakes (Volcano)
  A bullfrog zombie (D:12)
  2 jellies (D:9)
  A gnoll shaman (D:4)
  4 orc priests
  14 orc wizards
  2 centaur skeletons (D:6)
  6 hounds
  2 bullfrog skeletons
  4 iguanas
  11 worker ants
  3 hell rats (D:6)
  A killer bee zombie (D:9)
  2 hound zombies
  A worker ant zombie (D:9)
  A howler monkey zombie (D:8)
  9 gnolls
  A howler monkey skeleton (D:4)
  4 river rats (D:6)
  6 adders
  2 shadow imps
  2 white imps
  An ufetubus (D:6)
  2 oozes
  An adder zombie (D:5)
  An adder skeleton (D:9)
  2 worms
  3 dart slugs
  8 leopard geckos
  36 orcs
  A ball python (D:5)
  7 bats
  6 giant cockroaches
  11 goblins
  9 hobgoblins
  3 jackals (D:7)
  3 quokkas
  5 frilled lizards
  A jackal skeleton (D:5)
  14 kobolds
  A leopard gecko skeleton (D:3)
  A quokka skeleton (D:7)
  20 rats
459 creatures vanquished.

Vanquished Creatures (collateral kills)
  A hydra (Lair:2)
  Nergalle (D:10)
  2 bog bodies (Lair:4)
  A lindwurm (Volcano)
  2 cane toads (Lair:2)
  A wraith (D:10)
  2 hell hounds (Volcano)
  A black bear (D:11)
  A wolf (Lair:2)
  A bullfrog (D:11)
  An electric eel (Lair:4)
14 creatures vanquished.

Vanquished Creatures (others)
  An orc (D:8)
  56 fungi
  63 plants
120 creatures vanquished.

Grand Total: 593 creatures vanquished

Notes
Turn   | Place    | Note
-------+----------+-------------------------------------------
     0 | D:1      | teolandon225 the Minotaur Berserker began the quest for the
                  | Orb.
     0 | D:1      | Reached XP level 1. HP: 19/19 MP: 0/0
    64 | D:1      | Reached XP level 2. HP: 27/27 MP: 1/1
   222 | D:1      | Reached skill level 4 in Axes
   581 | D:1      | Reached skill level 1 in Shields
   701 | D:1      | Reached ** piety under Trog
   702 | D:1      | Reached XP level 3. HP: 32/33 MP: 2/2
  1739 | D:3      | Found a transporter.
  1770 | D:3      | Reached XP level 4. HP: 32/40 MP: 3/3
  2217 | D:3      | Noticed Blork the orc
  2353 | D:3      | Found a glowing golden altar of the Shining One.
  2356 | D:3      | Noticed an ogre
  2363 | D:3      | Found a transporter.
  2586 | D:3      | Reached XP level 5. HP: 47/47 MP: 4/4
  2714 | D:3      | Found a shimmering blue altar of Sif Muna.
  2801 | D:3      | Killed an ogre
  2802 | D:3      | Reached skill level 5 in Axes
  2879 | D:4      | Found a staircase to the Ecumenical Temple.
  2978 | D:4      | Noticed Dowan
  2978 | D:4      | Noticed Duvessa
  2991 | D:4      | Killed Dowan
  2992 | D:4      | Reached XP level 6. HP: 51/53 MP: 5/5
  3078 | D:4      | Killed Duvessa
  3261 | D:4      | Reached skill level 5 in Fighting
  3261 | D:4      | Reached skill level 6 in Axes
  3284 | D:4      | Reached XP level 7. HP: 51/61 MP: 6/6
  3337 | D:4      | Found a glowing silver altar of Zin.
  3934 | D:5      | Entered Level 5 of the Dungeon
  3982 | D:5      | Found a sparkling altar of Nemelex Xobeh.
  4026 | D:5      | Reached skill level 7 in Axes
  4248 | D:5      | Reached *** piety under Trog
  4321 | D:5      | Reached skill level 5 in Armour
  4321 | D:5      | Reached XP level 8. HP: 59/70 MP: 7/7
  4396 | D:5      | Found an opulent altar of Gozag.
  4945 | D:6      | Reached skill level 8 in Axes
  4945 | D:6      | Reached skill level 5 in Dodging
  5348 | D:6      | Found the +2 ratskin cloak {*Rats rPois rN+ Str-1 Int-1
                  | Dex+1}
  5350 | D:6      | Reached **** piety under Trog
  5783 | D:7      | Reached skill level 9 in Axes
  5849 | D:7      | Reached XP level 9. HP: 71/79 MP: 8/8
  6365 | D:8      | Found Qetzasupt's Assorted Antiques.
  6452 | D:8      | Bought a scroll of identify for 58 gold pieces
  6452 | D:8      | Bought an encrusted bone ring for 145 gold pieces
  6462 | D:8      | Noticed Maurice
  6473 | D:8      | Killed Maurice
  6474 | D:8      | Reached skill level 10 in Axes
  6808 | D:8      | Reached ***** piety under Trog
  7419 | D:9      | Reached skill level 11 in Axes
  7427 | D:9      | Reached XP level 10. HP: 89/89 MP: 9/9
  7463 | D:9      | Found a radiant altar of Vehumet.
  7567 | D:9      | Found a staircase to the Orcish Mines.
  7825 | D:9      | Noticed a two-headed ogre
  7835 | D:9      | Killed a two-headed ogre
  8200 | D:10     | Entered Level 10 of the Dungeon
  8429 | D:10     | Received a gift from Trog
  8432 | D:10     | Reached skill level 12 in Axes
  8827 | D:10     | Noticed Nergalle
  8838 | D:10     | Killed Nergalle
  9049 | D:10     | Reached XP level 11. HP: 94/99 MP: 10/10
  9607 | D:11     | Noticed a green ugly thing
  9617 | D:11     | Reached skill level 13 in Axes
  9623 | D:11     | Killed a green ugly thing
  9624 | D:11     | Reached skill level 10 in Fighting
  9632 | D:11     | Found a staircase to the Lair.
  9886 | D:11     | Killed an unseen horror
 10228 | D:11     | Noticed Fannar
 10237 | D:11     | Killed Fannar
 10238 | D:11     | Reached skill level 10 in Armour
 11044 | Lair:1   | Entered Level 1 of the Lair of Beasts
 11067 | Lair:1   | Reached skill level 14 in Axes
 11839 | Lair:1   | Reached XP level 12. HP: 76/108 MP: 11/11
 12629 | Lair:2   | Reached skill level 10 in Dodging
 12832 | Lair:2   | Noticed a five-headed hydra
 12839 | Lair:2   | Killed a seven-headed hydra
 12863 | Lair:2   | Received a gift from Trog
 13197 | Lair:3   | Found a dark tunnel.
 13202 | Volcano  | Entered a volcano
 13331 | Volcano  | Reached skill level 15 in Axes
 13775 | Volcano  | Found a radiant altar of Vehumet.
 14051 | Volcano  | Noticed a fire dragon
 14061 | Volcano  | Killed a fire dragon
 14666 | Lair:3   | HP: 2/112 [rime drake/flash freeze (25)]
 15364 | Lair:3   | Noticed Snorg
 15371 | Lair:3   | Killed Snorg
 15372 | Lair:3   | Reached skill level 16 in Axes
 15372 | Lair:3   | Reached XP level 13. HP: 78/118 MP: 12/12
 16672 | Lair:4   | Found a hole to the Spider Nest.
 16735 | Lair:4   | Found a staircase to the Swamp.
 16739 | Lair:4   | Received a gift from Trog
 17342 | Lair:5   | Reached skill level 17 in Axes
 17563 | Lair:5   | Slain by a death yak

Illustrated notes

Levels and vault maps discovered:
D:1:      scummos_arrival_star, layout_basic, doesnt_xom_only_xom
D:2:      layout_rooms, skrybe_limestone_x, minmay_quadrilaterals
D:3:      layout_basic, tgw_sif, gammafunk_temple_overflow_arena,
          hangedman_abyss_or_decor_stabs, kennysheep_pointless_box
D:4:      minmay_wonky_spiral, layout_cave_pods, nicolae_overflow_crystal_walls,
          minmay_temple_entry_trees, uniq_duvessa
D:5:      layout_gridville, kennysheep_mini, lemuel_round_altar
D:6:      wander_guarded_unrand_ratskin, layout_basic, minmay_misc_feat_enclosed
D:7:      layout_rooms
D:8:      layout_basic, serial_shops, shop, serial_bayou_ford_a, uniq_maurice
D:9:      layout_loops_ring, vehumet_crystals, orc_0_dummy
D:10:     layout_gridville, uniq_nergalle
D:11:     layout_roguey, due_lair_maze_entry_diamond, uniq_fannar
D:12:     layout_gridville
Lair:1:   layout_chaotic_city, serial_rivers, chequers_serial_rivers_small_b,
          chequers_serial_rivers_micro_d, chequers_serial_rivers_micro_e,
          chequers_serial_rivers_micro_e, chequers_serial_rivers_micro_e,
          chequers_serial_rivers_large_b, serial_bayou_shore_a
Lair:2:   layout_regular_city
Lair:3:   layout_loops_ring, enter_volcano_4, bobbens_dragon_lair_wall,
          uniq_snorg
Lair:4:   layout_loops_ring, nicolae_swamp_entry_splash_gauntlet,
          nicolae_spider_entry_orb_guardian, minmay_lair_oklob_bushes
Lair:5:   layout_loops_ring, basic_altar, grunt_forest_small_clearings

Skill      XL: |  1  2  3  4  5  6  7  8  9 10 11 12 13 |
---------------+----------------------------------------+-----
Axes           | 4 5 6 7 9 11 12 14 16 17 | 17.4
Shields        | 1 2 3 4 |  4.0
Fighting       | 4 5 7 8 9 10 12 13 | 13.1
Armour         | 3 4 5 6 7 9 10 11 12 | 12.9
Dodging        | 3 4 5 7 8 9 10 11 | 11.9

Action                   |  1- 3 |  4- 6 |  7- 9 | 10-12 | 13-15 || total
-------------------------+-------+-------+-------+-------+-------++-------
Melee: Hand axe          |    93 |    86 |   308 |       |       ||   487
       Headbutt          |    11 |    16 |    90 |   122 |    49 ||   288
       War axe           |       |       |    39 |   415 |       ||   454
       Executioner's axe |       |       |       |    53 |   138 ||   191
Invok: Berserk           |     3 |     3 |    10 |     8 |     2 ||    26
       Trog's Hand       |       |     3 |     2 |     4 |     3 ||    12
       Brothers in Arms  |       |       |       |     4 |     1 ||     5
  Use: Scroll            |       |    10 |    11 |     5 |     4 ||    30
       Potion            |       |       |     1 |     5 |     2 ||     8
Armor: Animal skin       |    10 |       |       |       |       ||    10
       Chain mail        |    17 |    41 |   147 |   275 |    44 ||   524
       Ring mail         |     2 |       |       |       |       ||     2
Dodge: Dodged            |    45 |    35 |   160 |   320 |   128 ||   688
Block: Buckler           |    18 |    19 |    83 |   118 |       ||   238
